AoeStats
← Disco Stu

Black Forest

509632722Analyzed
3v3 RM · 3d ago on Sep 27, 2026· 43m 9s· 6 players
Game mode
Random Map
Map size
Normal (6 player)
Population
200
Speed
Normal
Resources
Standard
Victory
Conquest
Starting age
Dark Age
Ending age
Imperial Age
RankedLock teamsTeams togetherTeam positionsShared explorationLock speedFull tech treeHidden civsTurbo modeCheats
Victory
Defeat
🇫🇷 Malians · France
1107
+16
🇨🇳 Vikings · China
1075
+17
🇮🇳 Franks · India
1028
+18
🇪🇸 Huns · Spain
1097
-17
🇪🇸 Slavs · Spain
1093
-17
🇪🇸 Portuguese · Spain
1093
-17
Bichir
1:05 Loom
13:41 Feudal Age
14:19 Arson
15:06 Man-at-Arms
18:12 Double-Bit Axe
19:57 Fishing Lines
24:38 Castle Age
24:09 Forging
24:00 Scale Mail Armor
25:58 Wheelbarrow
25:09 Town Watch
26:09 Bow Saw
26:18 Gillnets
32:39 Imperial Age
30:10 Long Swordsman
30:51 Squires
31:10 Chain Mail Armor
31:09 Gold Mining
32:34 Iron Casting
33:06 Hand Cart
34:42 Chemistry
33:39 Capped Ram
33:50 Two-Handed Swordsman
36:39 Plate Mail Armor
38:58 Champion
43:26 Fletching
43:59 Ballistics
43:50 Masonry
aśoka
11:18 Feudal Age
15:16 Castle Age
14:19 Double-Bit Axe
23:30 Wheelbarrow
22:40 Loom
22:41 Town Watch
26:48 Forging
27:15 Hand Cart
27:12 Bow Saw
30:12 Imperial Age
28:56 Scale Barding Armor
29:26 Iron Casting
29:21 Town Patrol
30:04 Chain Barding Armor
30:18 Cavalier
31:59 Blast Furnace
31:56 Paladin
32:45 Fletching
32:56 Padded Archer Armor
34:21 Plate Barding Armor
34:20 Conscription
34:58 Bodkin Arrow
35:52 Leather Archer Armor
34:59 Elite Skirmisher
36:04 Ballistics
36:45 Chemistry
35:51 Siege Engineers
35:56 Masonry
41:49 Architecture
zhuge2021
0:27 Loom
13:37 Feudal Age
14:31 Double-Bit Axe
19:06 Castle Age
20:13 Bow Saw
23:14 Horse Collar
25:39 Heavy Plow
28:24 Fishing Lines
28:36 Stone Mining
31:19 Gold Mining
31:42 Caravan
31:53 Squires
31:18 Pikeman
34:46 Imperial Age
33:40 Gillnets
35:14 Onager
36:18 Chieftains
36:39 Conscription
36:15 Heavy Scorpion
38:02 Forging
37:52 Scale Mail Armor
37:58 Scale Barding Armor
38:55 Chemistry
38:01 Siege Engineers
41:53 Iron Casting
41:33 Chain Mail Armor
Disco Stu
0:28 Loom
12:25 Feudal Age
20:05 Castle Age
29:44 Double-Bit Axe
31:28 Wheelbarrow
31:19 Stone Mining
36:16 Imperial Age
34:42 Hand Cart
34:13 Town Watch
34:43 Padded Archer Armor
34:28 Crossbowman
36:05 Thumb Ring
36:14 Fletching
37:43 Ballistics
36:48 Arbalester
38:20 Bodkin Arrow
38:40 Leather Archer Armor
39:55 Pikeman
40:42 Scale Mail Armor
40:52 Forging
40:42 Halberdier
La Caja
0:42 Loom
12:34 Feudal Age
19:45 Castle Age
28:29 Wheelbarrow
28:15 Double-Bit Axe
28:12 Horse Collar
33:40 Imperial Age
32:07 Hand Cart
31:45 Town Watch
32:02 Heavy Plow
32:24 Bow Saw
32:53 Murder Holes
33:02 Caravan
32:57 Gold Mining
32:57 Stone Mining
33:20 Fishing Lines
34:47 Gold Shaft Mining
34:18 Town Patrol
35:46 Two-Man Saw
35:31 Conscription
35:06 Fletching
35:17 Padded Archer Armor
35:33 Masonry
35:17 Gillnets
36:08 Bodkin Arrow
36:13 Heavy Cavalry Archer
37:21 Parthian Tactics
37:31 Thumb Ring
37:55 Bracer
38:11 Leather Archer Armor
38:54 Forging
38:45 Scale Mail Armor
38:53 Scale Barding Armor
39:00 Marauders
41:34 Iron Casting
41:39 Bloodlines
41:30 Husbandry
42:12 Atheism
Johnny Labios Sellados
0:28 Loom
11:17 Feudal Age
20:07 Castle Age
18:37 Double-Bit Axe
33:05 Imperial Age
30:54 Bow Saw
31:42 Horse Collar
32:06 Caravan
31:36 Pikeman
32:22 Squires
33:24 Wheelbarrow
33:33 Halberdier
34:29 Forging
34:20 Scale Mail Armor
34:38 Hand Cart
35:36 Iron Casting
35:33 Druzhina
35:54 Conscription
36:03 Chain Mail Armor
36:51 Detinets
37:58 Blast Furnace
Connection lost

Rejoining the realm…

Still unreachable

The connection could not be restored.

Session expired

The server has moved on; the page needs a fresh start.